 Dungeon Crawl Stone Soup version 0.30-a0-134-gb40fab5c76 (webtiles) character file.

Game seed: 9779468649368450427

10238 Jerej03 the Thaumaturge (level 11, -13/77 HPs)
             Began as a Demonspawn Ice Elementalist on Sept 19, 2022.
             Was an Elder of Sif Muna.
             Mangled by a merfolk
             ... wielding a +3 trident
              (19 damage)
             ... on level 2 of the Lair of Beasts.
             The game lasted 00:55:57 (11092 turns).

Jerej03 the Thaumaturge (DsIE)                     Turns: 11092, Time: 00:55:58

Health: -13/77     AC: 15    Str: 10    XL:     11   Next: 33%
Magic:  20/27      EV: 13    Int: 29    God:    Sif Muna [****..]
Gold:   744        SH:  4    Dex: 14    Spells: 23/30 levels left

rFire   . . .      SeeInvis .    D - +3 falchion
rCold   . . .      Faith    .    (no shield)
rNeg    . . .      Spirit   .    a - +0 robe
rPois   .          Reflect  .    g - +0 helmet
rElec   .          Harm     .    s - +0 cloak
rCorr   .          Rampage  .    m - +2 pair of gloves
Will    .....                    (no boots)
Stlth   +++.......               (no amulet)
HPRegen 0.22/turn                F - +6 ring of intelligence
MPRegen 0.20/turn                B - +4 ring of protection

@: freezing walls, very slightly contaminated
A: icemail 1, powered by death 2, big brain 2, condensation shield, high MP 1,
wild magic 1
a: Renounce Religion, Channel Magic, Forget Spell, Divine Exegesis


You were on level 2 of the Lair of Beasts.
You worshipped Sif Muna.
Sif Muna was greatly pleased with you.
You visited 2 branches of the dungeon, and saw 11 of its levels.

You collected 744 gold pieces.

Inventory:

Hand Weapons
 p - a +2 dagger of venom
 r - a +1 war axe of freezing
 D - a +3 falchion (weapon)
 L - a +2 flail of draining
Missiles
 C - a throwing net
Armour
 a - a +0 robe (worn)
 g - a +0 helmet (worn)
 m - a +2 pair of gloves (worn)
 s - a +0 cloak (worn)
Jewellery
 q - a ring of wizardry
 B - a +4 ring of protection (right hand)
 F - a +6 ring of intelligence (left hand)
 H - a ring of fire
 Q - a ring of protection from cold
Wands
 w - a wand of iceblast (15) (quivered)
 z - a wand of digging (7)
Scrolls
 d - 4 scrolls of teleportation
 j - 3 scrolls of vulnerability
 n - 2 scrolls of amnesia {unknown}
 o - a scroll of enchant weapon {unknown}
 t - 6 scrolls of identify
 u - 4 scrolls of enchant armour {unknown}
 v - 2 scrolls of butterflies
 y - a scroll of magic mapping {unknown}
 G - 3 scrolls of fear
 I - a scroll of immolation {unknown}
 J - a scroll of blinking {unknown}
 M - a scroll of torment {unknown}
 N - a scroll of silence {unknown}
Potions
 b - a potion of magic
 c - 2 potions of berserk rage
 e - 2 potions of mutation
 f - 5 potions of flight
 h - 2 potions of might
 i - a potion of heal wounds {unknown}
 k - a potion of attraction {unknown}
 l - a potion of brilliance
 x - a potion of cancellation {unknown}
 A - 2 potions of ambrosia
 E - 2 potions of degeneration {unknown}
 K - a potion of experience {unknown}
 O - a potion of lignification {unknown}


   Skills:
 + Level 4.1 Fighting
 + Level 3.1(4.8) Short Blades
 + Level 5.7(6.1) Long Blades
 + Level 4.6 Dodging
 + Level 4.3 Stealth
 + Level 1.5 Shields
 + Level 10.2 Spellcasting
 + Level 9.4 Ice Magic
 + Level 0.5 Evocations


You had 23 spell levels left.
You knew the following spells:

 Your Spells              Type           Power      Damage    Failure   Level
a - Freeze                Ice            100%       1d11      1%          1
b - Frozen Ramparts       Ice            100%       1d16      1%          3
c - Ozocubu's Armour      Ice            74%        N/A       1%          3

Your spell library contained the following spells:

 Spells                   Type           Power      Damage    Failure   Level
 Hailstorm                Conj/Ice       53%        3d12      9%          4
 Confusing Touch          Hex            19%        N/A       16%         3
 Dazzling Flash           Conj/Hex       38%        N/A       16%         3
 Portal Projectile        Hex/Tloc       38%        N/A       16%         3
 Stone Arrow              Conj/Erth      38%        3d9       16%         3
 Metabolic Englaciation   Hex/Ice        26%        N/A       21%         5
 Animate Armour           Summ/Erth      38%        N/A       45%         4
 Simulacrum               Ice/Necr       26%        N/A       71%         6
 Agony                    Necr           19%        N/A       78%         5
 Silence                  Hex/Air        9%         N/A       78%         5
 Borgnjor's Revivificati  Necr           9%         N/A       100%        8
 Lehudib's Crystal Spear  Conj/Erth      9%         10d4      100%        8
 Necromutation            Tmut/Necr      9%         N/A       100%        8
 Death's Door             Necr           9%         N/A       100%        9


Dungeon Overview and Level Annotations

Branches:
Dungeon (9/15)             Temple (0/1) D:5            Lair (2/5) D:9
 Shoals (0/4) Lair:2
  Snake: Lair:2-3    Spider: Lair:2-3       Orc: D:9-12

Altars:
Kikubaaqudgha
Qazlal
Sif Muna
Trog
Wu Jian

Shops:
D:7 *[[


Innate Abilities, Weirdness & Mutations

A meltable icy envelope protects you from harm. (AC +4)
You regenerate health from kills.
You have an extremely huge brain. (Int +4)
A meltable shield of frost defends you. (SH +4)
You have an increased reservoir of magic. (+10% MP)
Your spells are a little harder to cast, but a little more powerful.


Message History

Your frozen ramparts will break if you move.
Continue?
The frozen ramparts melt away as you move.
You block the merfolk's attack.
The merfolk throws a boomerang.
The boomerang barely misses you.
The merfolk hits you from afar with a +0 trident.
* * * LOW HITPOINT WARNING * * *
Casting: Frozen Ramparts (safe; 1% risk of failure)
Confirm with . or Enter, or press ? or * to list all spells.
Casting: Frozen Ramparts (safe; 1% risk of failure)
Press: ? - help, Dir - look around, f - activate You miscast Frozen Ramparts.
You are very lightly contaminated with residual magic.
Nothing appears to happen.
The merfolk closely misses you.
Unknown command.
Unknown command.
Casting: Frozen Ramparts (safe; 1% risk of failure)
Confirm with . or Enter, or press ? or * to list all spells.
Casting: Frozen Ramparts (safe; 1% risk of failure)
Press: ? - help, Dir - look around, f - activate The walls around you are covered in ice.
The wall freezes the merfolk.
The merfolk hits you with a +3 trident.
* * * LOW HITPOINT WARNING * * *
The wall freezes the merfolk!
The merfolk hits you from afar with a +0 trident!
* * * LOW HITPOINT WARNING * * *
You barely miss the merfolk.
The merfolk is lightly wounded.
The wall freezes the merfolk!
The merfolk hits you with a +3 trident.
* * * LOW HITPOINT WARNING * * *
The wall freezes the merfolk!
The merfolk closely misses you.
You miss the merfolk.
The merfolk is moderately wounded.
The wall freezes the merfolk.
The merfolk barely misses you.
The wall freezes the merfolk but does no damage.
The merfolk closely misses you.
You closely miss the merfolk.
The merfolk is moderately wounded.
The wall freezes the merfolk but does no damage.
The merfolk hits you with a +3 trident!!
You die...

.................#
....##.#####.....##
....#### #.......#
..... ##.....##
#.....# ##.....#
#......###
#........#
##....@..#
#..###m.# ####m~m.#
#)~m.### ~~~~~...#
.#>#..### #...##
####


You could see 2 merfolk.

Vanquished Creatures
  A boulder beetle (D:8)
  Pikel (D:8)
  A merfolk siren (Lair:2)
  3 cane toads
  2 komodo dragons (Lair:1)
  A polar bear (Lair:2)
  18 yaks
  2 wyverns (D:9)
  2 basilisks
  12 water moccasins
  An orc warrior (D:7)
  A black bear (D:5)
  2 centaurs
  2 ogres
  A phantom (D:5)
  A kobold brigand (D:8)
  Blork the orc (D:5)
  6 bullfrogs
  A necrophage (D:5)
  5 scorpions
  8 wights
  4 howler monkeys (D:8)
  4 orc priests
  2 gnoll boudas
  4 hounds
  6 iguanas
  5 orc wizards
  19 gnolls
  7 adders
  4 white imps
  2 ufetubi (D:5)
  A worm (D:2)
  2 dart slugs
  29 orcs
  10 ball pythons
  5 bats
  4 endoplasms
  2 giant cockroaches
  12 goblins
  2 hobgoblins
  3 jackals (D:3)
  7 kobolds
  5 quokkas
  4 frilled lizards
  2 rats
217 creatures vanquished.

Vanquished Creatures (others)
  9 fungi
  14 plants
23 creatures vanquished.

Grand Total: 240 creatures vanquished

Notes
Turn   | Place    | Note
-------+----------+-------------------------------------------
     0 | D:1      | Jerej03 the Demonspawn Ice Elementalist began the quest for
                  | the Orb.
     0 | D:1      | Reached XP level 1. HP: 13/13 MP: 3/3
   435 | D:1      | Gained mutation: A meltable shield of frost defends you.
                  | (SH +4) [demonic ancestry]
   435 | D:1      | Reached XP level 2. HP: 19/19 MP: 1/5
  1265 | D:2      | Gained mutation: You have an unusually large brain. (Int
                  | +2) [demonic ancestry]
  1265 | D:2      | Reached XP level 3. HP: 11/24 MP: 0/6
  1269 | D:2      | Learned a level 3 spell: Frozen Ramparts
  1444 | D:2      | Found a faded altar of an unknown god.
  1452 | D:2      | Prayed at the altar of an unknown god.
  1452 | D:2      | Became a worshipper of Sif Muna the Loreminder
  1452 | D:2      | Reached * piety under Sif Muna
  1478 | D:2      | Found a bloodstained altar of Trog.
  2219 | D:2      | Reached skill level 3 in Spellcasting
  2219 | D:2      | Gained mutation: A meltable icy envelope protects you from
                  | harm. (AC +4) [demonic ancestry]
  2219 | D:2      | Reached XP level 4. HP: 6/30 MP: 0/9
  3039 | D:3      | Found an ornate altar of the Wu Jian Council.
  3228 | D:4      | Noticed a scorpion
  3231 | D:4      | Killed a scorpion
  3232 | D:4      | Reached skill level 4 in Spellcasting
  3232 | D:4      | Reached XP level 5. HP: 35/35 MP: 6/11
  3396 | D:4      | Gained mutation: You have an extremely huge brain. (Int +4)
                  | [demonic ancestry]
  3396 | D:4      | Reached XP level 6. HP: 41/41 MP: 8/12
  3521 | D:4      | Reached ** piety under Sif Muna
  4039 | D:5      | Entered Level 5 of the Dungeon
  4048 | D:5      | Reached skill level 5 in Spellcasting
  4120 | D:5      | Reached skill level 5 in Ice Magic
  4422 | D:5      | Found a staircase to the Ecumenical Temple.
  4478 | D:5      | Gained mutation: You regenerate a little health from kills.
                  | [demonic ancestry]
  4478 | D:5      | Reached XP level 7. HP: 34/46 MP: 10/14
  4482 | D:5      | Reached skill level 1 in Short Blades
  4966 | D:5      | Noticed Blork the orc
  4978 | D:5      | Killed Blork the orc
  5447 | D:5      | Reached skill level 6 in Spellcasting
  5447 | D:5      | Reached XP level 8. HP: 53/53 MP: 13/17
  5503 | D:5      | Found a stormy altar of Qazlal.
  5503 | D:5      | Found an ancient bone altar of Kikubaaqudgha.
  5790 | D:6      | Reached skill level 1 in Fighting
  6858 | D:7      | Found Hofisug's Antique Armour Shop.
  6907 | D:7      | Reached *** piety under Sif Muna
  6908 | D:7      | Reached skill level 1 in Shields
  7211 | D:7      | Found Tyuska Pipp's Armour Shop.
  7333 | D:7      | Reached skill level 7 in Spellcasting
  7809 | D:7      | Reached XP level 9. HP: 56/61 MP: 15/19
  7906 | D:7      | Reached skill level 1 in Long Blades
  7920 | D:7      | Reached skill level 8 in Spellcasting
  8020 | D:7      | Found Ytuz Xib's General Store.
  8249 | D:8      | Found a flagged portal.
  8326 | D:8      | Noticed a boulder beetle
  8352 | D:8      | Gained mutation: You have an increased reservoir of magic.
                  | (+10% MP) [potion of mutation]
  8352 | D:8      | Gained mutation: Your spells are a little harder to cast,
                  | but a little more powerful. [potion of mutation]
  8373 | D:8      | Killed a boulder beetle
  8412 | D:8      | Noticed Pikel
  8421 | D:8      | Killed Pikel
  8422 | D:8      | Gained mutation: You regenerate health from kills. [demonic
                  | ancestry]
  8422 | D:8      | Reached XP level 10. HP: 68/68 MP: 22/25
  8767 | D:8      | Reached **** piety under Sif Muna
  9154 | D:8      | Reached skill level 9 in Spellcasting
  9286 | D:9      | Found a staircase to the Lair.
  9341 | Lair:1   | Entered Level 1 of the Lair of Beasts
  9613 | Lair:1   | Learned a level 3 spell: Ozocubu's Armour
  9744 | Lair:1   | Reached skill level 5 in Long Blades
  9833 | Lair:1   | Reached XP level 11. HP: 75/75 MP: 23/27
 10439 | Lair:1   | Reached skill level 10 in Spellcasting
 10701 | Lair:2   | Reached ***** piety under Sif Muna
 10719 | Lair:2   | Received a gift from Sif Muna
 10720 | Lair:2   | Got Sif Muna's Anthology of Spellbinding {god gift}
 11077 | Lair:2   | Found a staircase to the Shoals.
 11092 | Lair:2   | Mangled by a merfolk

Illustrated notes

Levels and vault maps discovered:
D:1:      matt_arrival_diagonals, layout_basic
D:2:      layout_loops_ring, basic_altar, ebering_ecumenical_altar_petrified,
          kennysheep_generic_room_6
D:3:      layout_rooms, pdpol_wu_jian_five_deadly_venoms
D:4:      layout_rooms, grunt_ministairs_5
D:5:      layout_loops_ring, amethyst_overflow_temple_binary, temple_statues,
          uniq_blork_the_orc
D:6:      layout_basic
D:7:      layout_basic, serial_shops, nicolae_shop_hallway_plus,
          nicolae_shop_trees, shop, chequers_serial_rivers_large_a,
          amcnicky_mini_corridor_feature
D:8:      layout_loops_ring, lightli_bailey_entry_fortress, uniq_pikel
D:9:      layout_loops_ring, minmay_lair_entry_grove, minivault_13
Lair:1:   layout_loops_ring, beast_lair_carwin_9
Lair:2:   layout_chaotic_city, elwin_shoals_entry_stream,
          guppyfry_snake_entry_island, uniq_maggie

Skill      XL: |  1  2  3  4  5  6  7  8  9 10 11 |
---------------+----------------------------------+-----
Stealth        | 2 3 4 |  4.3
Ice Magic      | 4 5 6 7 9 |  9.4
Dodging        | 2 3 4 |  4.6
Spellcasting   | 3 4 5 6 7 8 9 10 | 10.2
Short Blades   | 1 3 |  3.1
Fighting       | 1 2 3 4 |  4.1
Shields        | 1 |  1.5
Long Blades    | 3 5 |  5.7
Evocations     | |  0.5

Action                   |  1- 3 |  4- 6 |  7- 9 | 10-12 || total
-------------------------+-------+-------+-------+-------++-------
Melee: Dagger            |     9 |    71 |   129 |       ||   209
       Unarmed           |     1 |       |       |       ||     1
       Punch             |     1 |     2 |       |     3 ||     6
       Falchion          |       |       |    60 |   171 ||   231
 Cast: Freeze            |    47 |     7 |     2 |       ||    56
       Frozen Ramparts   |     4 |    30 |    51 |    39 ||   124
Evoke: Wand              |       |       |     4 |       ||     4
  Use: Scroll            |     1 |       |       |     3 ||     4
       Potion            |     1 |       |    11 |     1 ||    13
 Stab: Sleeping          |     1 |       |       |       ||     1
Armor: Robe              |    11 |    31 |    51 |    45 ||   138
Dodge: Dodged            |    27 |    40 |    69 |    87 ||   223
Block: Other             |     3 |     8 |    17 |    14 ||    42

Table legend: (Time is in decaauts)
 A = Elapsed time spent in this place.
 B = Non-inter-level travel time spent in this place.
 C = Inter-level travel time spent in this place.
 D = Time resting spent in this place.
 E = Time spent auto-exploring this place.
 F = Levels seen in this place.
 G = Mean time per level.
                   A        B        C        D        E       F      G
               +--------+--------+--------+--------+--------+-----+--------+
         Total |  11129 |  10963 |    166 |    597 |   8363 |  11 | 1011.7 |
       Dungeon |   9374 |   9228 |    146 |    392 |   7102 |   9 | 1041.6 |
          Lair |   1755 |   1736 |     19 |    205 |   1261 |   2 |  877.5 |
               +--------+--------+--------+--------+--------+-----+--------+

Top non-repeatable levels by time:
     D:5: 1633 daAuts
     D:2: 1451 daAuts
     D:7: 1390 daAuts
  Lair:1: 1204 daAuts
     D:1: 1155 daAuts
     D:6: 1147 daAuts
     D:8: 1036 daAuts
     D:4: 818 daAuts
     D:3: 613 daAuts
  Lair:2: 550 daAuts
     D:9: 127 daAuts
